 Dungeon Crawl Stone Soup version 0.27.1-16-g815e20cd7a (webtiles) character file.

Game seed: 12501877058216540745

2002 McKennaii the Thaumaturge (level 9, 0/62 HPs)
             Began as a Djinni Fire Elementalist on Nov 23, 2021.
             Was a Follower of Makhleb.
             Slain by a gnoll sergeant (10 damage)
             ... on level 6 of the Dungeon.
             The game lasted 00:08:38 (8147 turns).

McKennaii the Thaumaturge (DjFE)                    Turns: 8147, Time: 00:08:38

Health: 0/62       AC:  6    Str:  7    XL:     9   Next: 45%
Gold:   100        EV: 14    Int: 20    God:    Makhleb [*.....] SH:  0 Dex: 14

rFire    + + .     SeeInvis .   (no weapon)
rCold    x . .     Faith    .   (no shield)
rNeg     . . .     Spirit   .   a - +0 robe
rPois    ∞         Reflect  .   (no helmet)
rElec    .         Harm     .   (no cloak)
rCorr    .         Rampage  .   (no gloves)
Will     .....                  (boots unavailable)
Stlth    ++........             e - amulet of the acrobat
HPRegen  0.20/turn              k - +4 ring of protection
MPRegen  0.00/turn              (no ring)

@: about to teleport, flying
A: sickness immunity, fire resistance 2, cold vulnerability 1, float, innate
caster, hp casting, extra vitality 1
a: Renounce Religion


You were on level 6 of the Dungeon.
You worshipped Makhleb.
Makhleb was aware of your devotion.
You visited 2 branches of the dungeon, and saw 7 of its levels.

You collected 165 gold pieces.
You spent 65 gold pieces at shops.

Inventory:

Armour
 a - a +0 robe (worn)
Jewellery
 e - an amulet of the acrobat (around neck)
 k - a +4 ring of protection (left hand)
Wands
 r - a wand of charming (10)
Scrolls
 b - 2 scrolls of immolation {unknown}
 c - 2 scrolls of vulnerability {unknown}
 f - 2 scrolls of blinking {unknown}
 g - 2 scrolls of enchant armour {unknown}
 h - 2 scrolls of amnesia {unknown}
 i - 2 scrolls of teleportation
 j - a scroll of fear
 m - 5 scrolls of identify {unknown}
 n - a scroll of brand weapon {unknown}
 p - a scroll of noise {unknown}
 u - 3 scrolls of magic mapping {unknown}
Potions
 d - 4 potions of heal wounds
 l - a potion of invisibility {unknown}
 o - 2 potions of haste {unknown}
 q - a potion of ambrosia {unknown}
 s - a potion of degeneration {unknown}
 t - a potion of might {unknown}
 v - a potion of curing {unknown}


   Skills:
 * Level 3.7 Fighting
 * Level 4.7 Dodging
 + Level 2.6 Stealth
 * Level 8.1 Spellcasting


You couldn't memorise any spells.
You knew the following spells:

 Your Spells              Type           Power      Damage    Failure   Level
a - Foxfire               Conj/Fire      100%       2x1d9     1%          1
b - Conjure Flame         Conj/Fire      40%        6-21      1%          3
c - Inner Flame           Hex/Fire       40%        N/A       1%          3
d - Sticky Flame          Conj/Fire      40%        2d6       3%          4
e - Fireball              Conj/Fire      20%        3d10      9%          5
f - Summon Small Mammal   Summ           100%       N/A       1%          1
g - Static Discharge      Conj/Air       40%        N/A       1%          2
h - Wereblood             Tmut           40%        N/A       1%          2
i - Tukima's Dance        Hex            40%        N/A       1%          3
Your spell library was empty.

Dungeon Overview and Level Annotations

Branches:
Dungeon (6/15)             Temple (1/1) D:6

Altars:
Ashenzari
Elyvilon
Fedhas
Makhleb
Okawaru
Sif Muna
Yredelemnul
The Shining One

Shops:
D:2 ?((

Annotations:
D:5 2 transporters, DearestLeader's ghost, novice GnWn
D:6 3 runed translucent doors


Innate Abilities, Weirdness & Mutations

You are immune to sickness and miasma.
You are immune to poison.
Your flesh is very heat resistant. (rF++)
You are vulnerable to cold. (rC-)
You float through the air rather than walking.
You learn spells naturally, not from books.
Your magical power is your life essence.
You have superior vitality. (+4 HP)


Message History

The foxfire hits the yak.
You kill the yak!
Makhleb accepts your kill.
You conjure some foxfire!
The gnoll hits you but does no damage.
Unknown command.
The foxfire hits the yak!
The yak is moderately wounded.
The foxfire hits the yak but does no damage.
The yak is moderately wounded.
A yak comes into view.
The gnoll completely misses you.
Attack: -) Nothing wielded
Press: ? - help, Dir - move target, f - you
Okay, then.
Really fly into that teleport trap?
You enter a teleport trap!
The teleport trap disappears.
Your surroundings suddenly seem different. 5 gnolls, a kobold brigand, 4 orcs and 4 ogres come into view.
The orc wizard is wielding a +0 dagger and wearing a +0 robe of resistance.
The kobold brigand is wielding a +0 short sword and quivering poisoned darts.
The orc is wielding a +1 whip of electrocution.
The gnoll shouts!
The gnoll sergeant shouts!
The gnoll shaman shouts! x2
The two-headed ogre shouts in stereo!
The orc wizard shouts!
The kobold brigand shouts!
You hear a shout! x2
The gnoll completely misses you. The gnoll sergeant misses you.
An ogre opens the large door.
The ogre completely misses you.
As you read the scroll of teleportation, it crumbles to dust.
You feel strangely unstable.
The orc warrior shouts!
The gnoll shaman invokes the aid of its god against you.
You easily resist.
The orc warrior hits you with a +0 glaive!
The gnoll sergeant hits you but does no damage.
The orc wizard hits you but does no damage.
The ogre hits you but does no damage.
Unknown command.
The orc wizard barely misses you. The ogre hits you with a +0 giant club!
* * * LOW HITPOINT WARNING * * *
Unknown command.
You closely miss the orc wizard.
The gnoll sergeant hits you from afar with a +0 spear!
You die...

≈
#########++####
+......ggo.....
+....o.oggK....
#....O@OO......
#.......go.....
#########O'####
..+ ##


You could see a two-headed ogre, an orc warrior, a kobold brigand, 3 ogres, a
gnoll sergeant, 2 gnoll shamans, an orc priest, an orc wizard, 2 gnolls and an
orc.

Vanquished Creatures
  Grinder (D:5)
  A yak (D:6)
  A hornet zombie (D:6)
  An ice beast (D:5)
  2 ogres
  A necrophage (D:6)
  A phantom (D:6)
  5 scorpions
  A bullfrog skeleton (D:5)
  A jelly (D:5)
  3 bullfrog zombies
  3 hounds
  A gnoll shaman (D:6)
  2 orc priests
  2 centaur skeletons (D:5)
  5 iguanas
  2 orc wizards
  A hound skeleton (D:5)
  6 gnolls
  A howler monkey skeleton (D:3)
  11 adders
  A white imp (D:6)
  A worm (D:2)
  4 dart slugs
  20 orcs
  8 ball pythons
  11 bats
  4 endoplasms
  4 giant cockroaches
  4 goblins
  5 hobgoblins
  5 quokkas
  4 frilled lizards
  6 kobolds
  2 rats
131 creatures vanquished.

Vanquished Creatures (collateral kills)
  8 foxfires
8 creatures vanquished.

Vanquished Creatures (others)
  708 foxfires
  5 fungi (D:5)
713 creatures vanquished.

Grand Total: 852 creatures vanquished

Notes
Turn   | Place    | Note
-------+----------+-------------------------------------------
     0 | D:1      | McKennaii the Djinni Fire Elementalist began the quest for
                  | the Orb.
     0 | D:1      | Reached XP level 1. HP: 15/15 MP: 0/0
   349 | D:1      | Reached XP level 2. HP: 17/21 MP: 0/0
   860 | D:1      | Reached skill level 3 in Spellcasting
   860 | D:1      | Reached XP level 3. HP: 16/25 MP: 0/0
   860 | D:1      | Learned a level 1 spell: Summon Small Mammal
  2017 | D:2      | Found Zeuhax's Weapon Emporium.
  2151 | D:2      | Found a faded altar of an unknown god.
  2336 | D:2      | Found Hedghacs's Magic Scroll Boutique.
  2342 | D:2      | Bought a scroll of teleportation for 30 gold pieces
  2342 | D:2      | Bought a scroll of fear for 35 gold pieces
  2367 | D:2      | Reached XP level 4. HP: 24/31 MP: 0/0
  2602 | D:2      | Reached XP level 5. HP: 33/36 MP: 0/0
  2602 | D:2      | Learned a level 2 spell: Static Discharge
  3166 | D:2      | Found Woeni's Antique Weapon Shoppe.
  3348 | D:2      | Reached skill level 4 in Spellcasting
  3688 | D:3      | Reached skill level 1 in Fighting
  3847 | D:3      | Reached XP level 6. HP: 39/42 MP: 0/0
  4434 | D:4      | Found an iron altar of Okawaru.
  4475 | D:4      | Noticed an ogre
  4481 | D:4      | Killed an ogre
  4655 | D:4      | Reached skill level 5 in Spellcasting
  4655 | D:4      | Reached XP level 7. HP: 42/47 MP: 0/0
  4655 | D:4      | Learned a level 2 spell: Wereblood
  5053 | D:4      | Found a blossoming altar of Fedhas.
  5064 | D:4      | Found a basalt altar of Yredelemnul.
  5124 | D:4      | Found a burning altar of Makhleb.
  5138 | D:4      | Became a worshipper of Makhleb the Destroyer
  5279 | D:5      | Entered Level 5 of the Dungeon
  5419 | D:5      | Found a transporter.
  5419 | D:5      | Noticed a yak
  5419 | D:5      | Noticed DearestLeader's ghost (novice GnWn)
  5420 | D:5      | Found a transporter.
  5633 | D:5      | Noticed Grinder
  5639 | D:5      | Paralysed by Grinder for 7 turns
  5667 | D:5      | Paralysed by Grinder for 7 turns
  6012 | D:5      | Killed Grinder
  6013 | D:5      | Reached skill level 6 in Spellcasting
  6013 | D:5      | Reached XP level 8. HP: 40/54 MP: 0/0
  6591 | D:5      | Reached * piety under Makhleb
  6799 | D:5      | Reached skill level 7 in Spellcasting
  6871 | D:5      | Found a glowing golden altar of the Shining One.
  7422 | D:6      | Reached XP level 9. HP: 60/61 MP: 0/0
  7422 | D:6      | Learned a level 3 spell: Tukima's Dance
  7758 | D:6      | Found a staircase to the Ecumenical Temple.
  7824 | Temple   | Entered the Ecumenical Temple
  8025 | D:6      | Found a runed translucent gate.
  8025 | D:6      | Found a runed translucent gate.
  8030 | D:6      | Found a runed translucent gate.
  8091 | D:6      | Reached skill level 8 in Spellcasting
  8144 | D:6      | Noticed a two-headed ogre
  8147 | D:6      | Slain by a gnoll sergeant

Illustrated notes

Levels and vault maps discovered:
D:1:      eino_arrival_water_cross, layout_loops_ring, corner_web_ring
D:2:      layout_basic, serial_shops, shop, shop, shop, basic_ecumenical_altar
D:3:      layout_rooms, nicolae_overflow_hidden_temple
D:4:      layout_basic, okawaru_metal_pillars_1_2,
          lemuel_coloured_pillars_altar, amethyst_overflow_temple_binary,
          hex_tiny, st_stairs_13
D:5:      old_forge, layout_basic, mainiacjoe_overflow_24_doors,
          kennysheep_mini, gammafunk_ghost_arena, kennysheep_generic_room_10,
          uniq_grinder
D:6:      lemuel_castle_with_subvaults [lemuel_castle_interior_original],
          layout_cave_pools, mainiacjoe_overflow_alcove_4,
          mainiacjoe_overflow_concentric_impassable,
          minmay_temple_entry_slanted, biasface_ghost_orc_armoury
Temple:   jpeg_temple_alley_garden

Skill      XL: |  1  2  3  4  5  6  7  8  9 |
---------------+----------------------------+-----
Spellcasting   | 3 4 5 6 7 8 |  8.1
Dodging        | 3 4 |  4.7
Fighting       | 1 2 3 |  3.7
Stealth        | 2 |  2.6

Action                   |  1- 3 |  4- 6 |  7- 9 || total
-------------------------+-------+-------+-------++-------
Melee: Unarmed           |       |       |    10 ||    10
 Cast: Foxfire           |    98 |   117 |   228 ||   443
       Static Discharge  |       |     2 |     7 ||     9
  Use: Scroll            |       |       |     1 ||     1
Armor: Robe              |     3 |     3 |    21 ||    27
Dodge: Dodged            |    10 |    14 |    48 ||    72
